 Dungeon Sprint DCSS version 0.30-a0-1161-g0704695555 (webtiles) character file.

Game seed: 10816205424680609614

23748 sircluck the Executioner (level 13, -1/146 HPs)
             Began as a Hill Orc Berserker on Apr 27, 2023.
             Was the Champion of Trog.
             Hit by a large rock thrown by a stone giant (23 damage)
             ... in the Dungeon (Sprint IX: "|||||||||||||||||||||||||||||").
             The game lasted 00:10:27 (2215 turns).

sircluck the Executioner (Hill Orc Berserker)       Turns: 2215, Time: 00:10:28

Health: -1/146     AC: 24    Str: 25    XL:     13   Next: 8%
Magic:  11/11      EV: 11    Int:  7    God:    Trog [******]
Gold:   2129       SH:  0    Dex: 13    Spells: 12/12 levels left

rFire   . . .        D - +6 executioner's axe (heavy)
rCold   . . .        (shield currently unavailable)
rNeg    . . .        C - +0 plate armour
rPois   .            (no helmet)
rElec   .            A - +0 cloak
rCorr   .            L - +1 pair of gloves
SInv    .            M - +1 pair of boots
Will    .....        (no amulet) Stlth
                     m - +3 ring of dexterity
HPRegen 0.44/turn    (no ring)
MPRegen 0.12/turn

%: no teleportation
@: on berserk cooldown, slowed, very slow
A: low MP 1
a: Renounce Religion, Berserk, Trog's Hand, Brothers in Arms


You were in the Dungeon.
You worshipped Trog.
Trog was exalted by your worship.
You visited 1 branch You collected 2969 gold pieces.
You spent 840 gold pieces at shops.

Inventory:

Hand Weapons
 a - a +0 hand axe
 b - the +2 battleaxe of the Dwarven Hall {heavy, Will- Dex+5}
   (Trog gifted it to you in the Dungeon)

   Dex:       It affects your dexterity (+5).
   Will:      It decreases your willpower.
 o - a +1 broad axe of freezing
 p - a +3 heavy battleaxe
 y - a +2 executioner's axe
 z - a +3 battleaxe of flaming
 D - a +6 heavy executioner's axe (weapon)
Missiles
 q - 2 poisoned darts (quivered)
Armour
 k - a +0 pair of boots
 l - a +1 chain mail
 A - a +0 cloak (worn)
 B - a +0 pair of gloves
 C - a +0 plate armour (worn)
 J - a +2 chain mail of cold resistance
 K - a +0 pair of boots of stealth
 L - a +1 pair of gloves (worn)
 M - a +1 pair of boots (worn)
Jewellery
 m - a +3 ring of dexterity (left hand)
 n - a +3 ring of intelligence
 E - a +6 ring of dexterity
 G - a ring of fire
 H - a ring of ice
 I - a ring of ice
Wands
 j - a wand of quicksilver (6)
Scrolls
 t - 2 scrolls of fear
 u - 5 scrolls of enchant armour
 v - 4 scrolls of identify
 w - 2 scrolls of enchant weapon
 F - a scroll of silence
 N - a scroll of fog
Potions
 c - a potion of invisibility
 d - 5 potions of heal wounds
 e - a potion of haste
 f - 4 potions of magic
 g - a potion of berserk rage
 i - 7 potions of curing
 r - a potion of might
 s - a potion of resistance
Miscellaneous
 x - a lightning rod (4/4)


   Skills:
 + Level 22.3 Fighting
 + Level 26.0 Axes
 + Level 15.5 Armour
 + Level 9.4 Dodging
 + Level 1.3 Stealth
 + Level 6.4 Evocations


You had 12 spell levels left.
You didn't know any spells.
Your spell library was empty.

Dungeon Overview and Level Annotations

Branches:
Dungeon (1/1)

Altars:
Cheibriados
Dithmenos
Elyvilon
Fedhas
Gozag
Hepliaklqana
Kikubaaqudgha
Makhleb
Nemelex Xobeh
Okawaru
Qazlal
Ru
Sif Muna
Trog
Uskayaw
Vehumet
Wu Jian
Xom
Yredelemnul
Zin
The Shining One
Beogh
Jiyva
Lugonu

Shops:
D ?::(


Innate Abilities, Weirdness & Mutations

Your magical capacity is low. (-10% MP)


Message History

A stone giant comes into view.
The ice dragon breathes frost at you. The blast of cold hits you!!
Items here: ( [ †††.
You slice the ice dragon like a ripe choko!!!
The ice dragon is heavily wounded.
The ice dragon closely misses you. The ice dragon claws you!
The ice dragon tramples you but does no damage.
You closely miss the ice dragon.
The ice dragon is moderately wounded.
The ice dragon closely misses you. The ice dragon barely misses you.
The ice dragon tramples you but does no damage.
You slice the ice dragon!!
The ice dragon is severely wounded.
You slice the ice dragon!!
The ice dragon is almost dead.
The ice dragon closely misses you. The ice dragon claws you.
The ice dragon tramples you but does no damage.
You slash the ice dragon!
You kill the ice dragon!
Trog accepts your kill.
The ice dragon scales are intact enough to wear.
The stone giant throws a large rock.
The large rock hits you!!
* * * LOW HITPOINT WARNING * * *
Your Axes skill increases to level 26!
You are no longer berserk.
You are exhausted.
You feel yourself slow down.
Things that are here:
+0 ice dragon scales; an ice dragon corpse Blink to where?
Press: ? - help, Q - select action, (/) - cycle Dir - move target
As you read the scroll of blinking, it crumbles to dust.
You see here a potion of brilliance.
The stone giant throws a large rock.
The large rock hits you!
* * * LOW HITPOINT WARNING * * *
The stone giant throws a large rock.
The large rock hits you.
* * * LOW HITPOINT WARNING * * *
The stone giant throws a large rock.
The large rock hits you!!
You die...

,*,*,*,*,*,*+*,▓.▓.▓.▓.▓.▓.▓_▓
,*,*,*,*,*,*,*,▓[▓.▓)▓.▓.▓.▓_▓
,*,*,*,*,*,*,*,▓[▓.▓'▓.▓.▓.▓_▓
,*,*,*,*,*,*,*,▓.▓.▓)▓.▓.▓.▓_▓
,*,*,*,*,*,*,*,▓[▓.▓)▓.▓.▓.▓_▓
,*,*,*,*,*,*,*,▓[▓.▓)▓.▓.▓.▓_▓
,*,*,*,*,*,*,*,▓.▓.▓)▓.▓'▓.▓_▓
,*,*,*,*,*,*,*,▓.▓.▓)▓.▓.▓.▓_▓
,*,*,*,*,*,*,*,▓@▓.▓)▓.▓.▓.▓_▓
,*,*,*,*,*,*,*,▓.▓.▓)▓.▓.▓.▓_▓
+*,*,*,*,*,*+*,▓.▓.▓)▓.▓.▓.▓_▓
,*,*,*,*+*,*,*,▓!▓.▓)▓.▓.▓.▓_▓
,*,*,*,*,*,*,*,▓.▓.▓.▓.▓.▓.▓_▓
,*,*,*,*,*,*,*,▓.▓.▓)▓.▓.▓.▓_▓
,*,*,*,*,*,*,*,▓†▓.▓.▓.▓.▓.▓_▓
,*,*,*,*,*,*,*,▓C▓.▓)▓.▓.▓.▓_▓
,*,*,*,*,*,*,*,▓.▓.▓.▓.▓'▓.▓'▓


You could see a stone giant.

Vanquished Creatures
  A stone giant (D)
  A fire dragon (D)
  An ice dragon (D)
  2 hydras (D)
  A boulder beetle (D)
  8 orc high priests (D)
  6 orc knights (D)
  An ugly thing (D)
  A black mamba (D)
  2 cane toads (D)
  2 rime drakes (D)
  3 polar bears (D)
  2 yaks (D)
  A vampire (D)
  A wyvern (D)
  Eustachio (D)
  A vampire mosquito (D)
  An acid dragon (D)
  4 water moccasins (D)
  5 black bears (D)
  3 orc warriors (D)
  A wolf (D)
  A kobold brigand (D)
  2 scorpions (D)
  3 bullfrogs (D)
  4 orc priests (D)
  A hound (D)
  2 orc wizards (D)
  A hell rat (D)
  A dart slug (D)
  8 orcs (D)
  A goblin (D)
  A kobold (D)
  A quokka (D)
  A frilled lizard (D)
76 creatures vanquished.

Vanquished Creatures (collateral kills)
  A stone giant (D)
  A boulder beetle (D)
  A hydra (D)
  An ogre mage (D)
  A tengu warrior (D)
  4 orc knights (D)
  2 deep elf pyromancers (D)
  A manticore (D)
  An eye of devastation (shapeshifter) (D)
  A gargoyle (D)
  A freezing wraith (D)
  An unseen horror (D)
  A queen bee (shapeshifter) (D)
  4 orc warriors (D)
  A floating eye (D)
  2 orc wizards (D)
24 creatures vanquished.

Grand Total: 100 creatures vanquished

Notes
Turn   | Place    | Note
-------+----------+-------------------------------------------
     0 | D        | sircluck the Hill Orc Berserker began the quest for the
                  | Orb.
     0 | D        | Reached XP level 1. HP: 19/19 MP: 1/1
    14 | D        | Reached ** piety under Trog
    18 | D        | Reached skill level 5 in Axes
    21 | D        | Reached XP level 2. HP: 27/28 MP: 2/2
    29 | D        | Noticed a scorpion
    29 | D        | Noticed a scorpion
    38 | D        | Killed a scorpion
    39 | D        | Reached skill level 7 in Axes
    39 | D        | Reached XP level 3. HP: 26/38 MP: 3/3
    39 | D        | Reached XP level 4. HP: 30/45 MP: 4/4
    40 | D        | Reached *** piety under Trog
    45 | D        | Reached skill level 8 in Axes
    48 | D        | Reached skill level 9 in Axes
    48 | D        | Reached XP level 5. HP: 12/53 MP: 5/5
    60 | D        | Reached skill level 10 in Axes
    80 | D        | Found a roughly hewn altar of Beogh.
    80 | D        | Found a snail-covered altar of Cheibriados.
    80 | D        | Found a shadowy altar of Dithmenos.
    80 | D        | Found a white marble altar of Elyvilon.
    80 | D        | Found a blossoming altar of Fedhas.
    80 | D        | Found an opulent altar of Gozag.
    81 | D        | Found a hazy altar of Hepliaklqana.
    82 | D        | Found a viscous altar of Jiyva.
    83 | D        | Found an ancient bone altar of Kikubaaqudgha.
    84 | D        | Found a corrupted altar of Lugonu.
    85 | D        | Found a burning altar of Makhleb.
    86 | D        | Found a sparkling altar of Nemelex Xobeh.
    87 | D        | Found an iron altar of Okawaru.
    88 | D        | Found a stormy altar of Qazlal.
    89 | D        | Found a sacrificial altar of Ru.
    90 | D        | Found a shimmering blue altar of Sif Muna.
    91 | D        | Found a bloodstained altar of Trog.
    92 | D        | Found a hide-covered altar of Uskayaw.
    93 | D        | Found a radiant altar of Vehumet.
    94 | D        | Found an ornate altar of the Wu Jian Council.
    95 | D        | Found a shimmering altar of Xom.
    96 | D        | Found a basalt altar of Yredelemnul.
    97 | D        | Found a glowing silver altar of Zin.
    98 | D        | Found a glowing golden altar of the Shining One.
   245 | D        | Noticed a yak
   245 | D        | Noticed a kobold brigand
   245 | D        | Noticed a vampire mosquito
   245 | D        | Noticed an acid dragon
   245 | D        | Noticed a vampire
   249 | D        | Killed a kobold brigand
   249 | D        | Reached **** piety under Trog
   250 | D        | Reached skill level 11 in Axes
   250 | D        | Reached XP level 6. HP: 66/66 MP: 6/6
   250 | D        | Killed an acid dragon
   251 | D        | Reached skill level 10 in Fighting
   251 | D        | Reached skill level 12 in Axes
   251 | D        | Reached skill level 5 in Armour
   251 | D        | Killed a yak
   252 | D        | Reached skill level 5 in Dodging
   252 | D        | Reached skill level 1 in Evocations
   252 | D        | Reached XP level 7. HP: 63/74 MP: 7/7
   254 | D        | Killed a vampire mosquito
   255 | D        | Reached skill level 13 in Axes
   257 | D        | Killed a vampire
   257 | D        | Reached ***** piety under Trog
   258 | D        | Reached skill level 14 in Axes
   309 | D        | Noticed a queen bee
   309 | D        | Noticed a gargoyle
   309 | D        | Noticed a deep elf pyromancer
   309 | D        | Noticed a deep elf pyromancer
   309 | D        | Noticed a six-headed hydra
   312 | D        | Killed a queen bee
   313 | D        | Reached XP level 8. HP: 80/85 MP: 8/8
   315 | D        | Killed a gargoyle
   316 | D        | Reached skill level 15 in Axes
   316 | D        | Killed an unseen horror
   317 | D        | Killed a deep elf pyromancer
   318 | D        | Reached skill level 16 in Axes
   318 | D        | Reached XP level 9. HP: 92/96 MP: 9/9
   319 | D        | Killed a five-headed hydra
   320 | D        | Reached skill level 15 in Fighting
   320 | D        | Reached skill level 17 in Axes
   322 | D        | Killed a deep elf pyromancer
   451 | D        | Noticed a cane toad
   451 | D        | Noticed a rime drake
   455 | D        | Killed a cane toad
   456 | D        | Reached skill level 18 in Axes
   456 | D        | Reached XP level 10. HP: 107/107 MP: 10/10
   469 | D        | Received a gift from Trog
   532 | D        | Noticed a black mamba
   532 | D        | Noticed a four-headed hydra
   532 | D        | Noticed a six-headed hydra
   535 | D        | Reached skill level 19 in Axes
   535 | D        | Killed a black mamba
   535 | D        | Noticed a cane toad
   536 | D        | Killed a four-headed hydra
   537 | D        | Killed a six-headed hydra
   537 | D        | Reached ****** piety under Trog
   537 | D        | Received a gift from Trog
   538 | D        | Reached skill level 20 in Axes
   538 | D        | Reached skill level 10 in Armour
   540 | D        | Killed a cane toad
   545 | D        | Reached XP level 11. HP: 102/119 MP: 11/11
   664 | D        | Received a gift from Trog
   678 | D        | Reached skill level 21 in Axes
   782 | D        | Noticed Eustachio
   795 | D        | Killed Eustachio
   795 | D        | Identified the +2 battleaxe of the Dwarven Hall {heavy,
                  | Will- Dex+5} (Trog gifted it to you in the Dungeon)
   795 | D        | Received a gift from Trog
   881 | D        | Noticed a stone giant
   891 | D        | Killed a stone giant
   892 | D        | Reached skill level 5 in Evocations
   903 | D        | Received a gift from Trog
  1012 | D        | Noticed an orc knight
  1012 | D        | Noticed an orc knight
  1017 | D        | Killed an orc knight
  1020 | D        | Killed an orc knight
  1023 | D        | Noticed an orc knight
  1023 | D        | Received a gift from Trog
  1026 | D        | Killed an orc knight
  1027 | D        | Reached skill level 22 in Axes
  1030 | D        | Noticed an orc high priest
  1039 | D        | Killed an orc high priest
  1039 | D        | Received a gift from Trog
  1228 | D        | Found Waggeon's Magic Scroll Emporium.
  1228 | D        | Noticed an orc knight
  1228 | D        | Noticed an orc high priest
  1228 | D        | Noticed an orc high priest
  1228 | D        | Noticed an orc high priest
  1228 | D        | Noticed an orc knight
  1229 | D        | Noticed an orc high priest
  1231 | D        | Killed an orc knight
  1236 | D        | Killed an orc high priest
  1239 | D        | Gained mutation: Your magical capacity is low. (-10% MP) [a
                  | neqoxec]
  1244 | D        | Killed an orc high priest
  1248 | D        | Noticed an orc knight
  1249 | D        | Found Kaxeso's Book Shoppe.
  1251 | D        | Noticed a sixfirhy
  1252 | D        | Killed an orc high priest
  1253 | D        | Reached skill level 23 in Axes
  1253 | D        | Reached XP level 12. HP: 77/133 MP: 10/10
  1263 | D        | Killed an orc high priest
  1263 | D        | Received a gift from Trog
  1268 | D        | Noticed an orc high priest
  1774 | D        | Killed an orc high priest
  1812 | D        | Found Hig Xaadu's Book Emporium.
  1822 | D        | Found Wekhoiwu's Antique Weapon Shoppe.
  1827 | D        | Bought a scroll of acquirement for 572 gold pieces
  1829 | D        | Noticed an orc high priest
  1831 | D        | Reached skill level 24 in Axes
  1831 | D        | Noticed an orc high priest
  1836 | D        | Reached skill level 1 in Stealth
  1841 | D        | Killed an orc high priest
  1848 | D        | Killed an orc high priest
  1848 | D        | Identified the +4 halberd of Ambiguity {heavy, *Corrode rF+
                  | rC++} (Trog gifted it to you in the Dungeon)
  1848 | D        | Received a gift from Trog
  1918 | D        | Acquired 1045 gold pieces
  1929 | D        | Bought a scroll of magic mapping for 82 gold pieces
  1929 | D        | Bought a scroll of enchant armour for 82 gold pieces
  1929 | D        | Bought a scroll of silence for 104 gold pieces
  2161 | D        | Noticed a boulder beetle
  2161 | D        | Noticed a tengu warrior
  2161 | D        | Noticed an ogre mage
  2162 | D        | Noticed a boulder beetle
  2174 | D        | Killed a tengu warrior
  2176 | D        | Killed a boulder beetle
  2177 | D        | Reached skill level 25 in Axes
  2178 | D        | Noticed a stone giant
  2179 | D        | Killed an ogre mage
  2182 | D        | Killed a boulder beetle
  2185 | D        | Killed a stone giant
  2186 | D        | Reached skill level 15 in Armour
  2188 | D        | Paralysed by a floating eye for 4 turns
  2190 | D        | Noticed a fire dragon
  2195 | D        | Noticed an ice dragon
  2199 | D        | Killed a fire dragon
  2199 | D        | Received a gift from Trog
  2200 | D        | Reached XP level 13. HP: 126/145 MP: 11/11
  2201 | D        | Noticed a stone giant
  2207 | D        | Killed an ice dragon
  2208 | D        | Reached skill level 26 in Axes
  2215 | D        | Hit by a large rock thrown by a stone giant

Illustrated notes

Levels and vault maps discovered:
D:        linesprint [early_d, line_temple, items_1, d_10, items_2, lair_1,
          lair_end, items_3, orc_1, orc_end, items_4, d_15, swamp_1, shoals_1,
          snake_1, spider_1, d_20, vaults_1, items_5, swamp_end, shoals_end,
          snake_end, spider_end, vaults_end, d_27, items_6, zot_1, zot_end,
          crypt_end, forest_end, elf_end, slime_end, tomb_end, abyss_end,
          pan_hell_end]

Skill      XL: |  1  2  3  4  5  6  7  8  9 10 11 12 13 |
---------------+----------------------------------------+-----
Fighting       | 4 6 7 9 11 12 14 16 18 20 22 | 22.3
Axes           | 5 7 9 11 12 14 16 18 20 23 25 26 | 26.0
Armour         | 3 4 5 6 7 8 10 12 15 | 15.5
Dodging        | 2 3 4 5 6 7 8 9 |  9.4
Evocations     | 1 2 3 4 6 |  6.4
Stealth        | 1 |  1.3

Action                     |  1- 3 |  4- 6 |  7- 9 | 10-12 | 13-15 || total
---------------------------+-------+-------+-------+-------+-------++-------
  Melee: Hand axe          |    25 |    17 |       |       |       ||    42
         Broad axe         |       |       |     6 |    17 |       ||    23
         Executioner's axe |       |       |       |    66 |     7 ||    73
         Battleaxe         |       |       |       |    62 |       ||    62
 Invoke: Berserk           |     1 |       |     2 |     5 |       ||     8
         Brothers in Arms  |       |       |     2 |     2 |       ||     4
  Evoke: Wand              |       |     4 |       |       |       ||     4
         Lightning rod     |       |       |       |     6 |       ||     6
    Use: Potion            |       |     2 |       |     1 |       ||     3
         Scroll            |       |       |       |     4 |     1 ||     5
 Armour: Animal skin       |     2 |     3 |       |       |       ||     5
         Chain mail        |       |     3 |     2 |    28 |       ||    33
         Plate armour      |       |       |       |    19 |     4 ||    23
  Dodge: Dodged            |    15 |     9 |     2 |    54 |     4 ||    84

Table legend: (Time is in decaauts)
 A = Elapsed time spent in this place.
 B = Non-inter-level travel time spent in this place.
 C = Inter-level travel time spent in this place.
 D = Time resting spent in this place.
 E = Time spent auto-exploring this place.
 F = Levels seen in this place.
 G = Mean time per level.
                   A        B        C        D        E       F      G
               +--------+--------+--------+--------+--------+-----+--------+
         Total |   2255 |   2255 |      0 |    590 |    564 |   1 | 2255.0 |
       Dungeon |   2255 |   2255 |      0 |    590 |    564 |   1 | 2255.0 |
               +--------+--------+--------+--------+--------+-----+--------+

Top non-repeatable levels by time:
       D: 2255 daAuts
